Cogmind - Beta 14 @@@ ROGUE MODE // 2025.04.29 @ 22:28:52 Player: fran Result: Destroyed by Y-45 Defender with Beam Rifle Performance ------------- Evolutions (1) 500 Regions Visited (3) 600 Robots Destroyed (42) 210 Value Destroyed (1069) 1069 Prototype IDs (2) 40 Alien Tech Used (0) 0 Bonus (33) 33 TOTAL SCORE: 2452 Bonus ------- High Alert Combat Kills 33 Cogmind --------- Core Integrity 0/400 Matter 110/300 Energy 80/100 System Corruption 9% Temperature Cool (9) Movement Core (700) Ox13 Location -9/Storage Parts ------- > --- POWER (1) -------- (None) > --- PROPULSION (2) --- (None) > --- UTILITY (4) ------ Heat Sink High-capacity Storage Unit > --- WEAPON (2) ------- Mini Grenade Launcher > --- INVENTORY (20) --- Small Laser Small Laser Advanced Beam Cannon Assault Rifle Light Assault Rifle EMP Blaster Rocket Launcher Peak State ------------ > --- POWER ------------ Improved Ion Engine > --- PROPULSION ------- Light Treads Light Treads > --- UTILITY ---------- Improved Heat Sink High-capacity Storage Unit Structural Scanner Terrain Scanner > --- WEAPON ----------- Improved Medium Laser Advanced Beam Cannon > --- INVENTORY -------- Light Ion Engine Light Ion Engine Light Treads Improved Aluminum Leg Improved Aluminum Leg Improved Aluminum Leg Wheel Wheel Compact Wheel Large Storage Unit Signal Interpreter Small Laser Small Laser Assault Rifle Assault Rifle Assault Rifle Assault Rifle Light Assault Rifle EMP Blaster EMP Blaster [Rating: 18] Favorites ----------- Power Ion Engine Engine Ion Engine Propulsion Light Treads Treads Light Treads Leg Aluminum Leg Wheel Wheel Hover Unit Hover Unit Utility High-capacity Storage Unit Device Terrain Scanner Storage High-capacity Storage Unit Processor Signal Interpreter Weapon Small Laser Energy Gun Small Laser Energy Cannon Advanced Beam Cannon Ballistic Gun Light Assault Rifle Launcher Rocket Launcher Build | -11 -10 -9 -9 ------- Run | Yrd Mat Mat Sto Slots Evolved 2 | . . 2 . Power . | . . . . Propulsion . | . . . . Utility 2 | . . 2 . Weapon . | . . . . Parts Attached 69 | 6 20 18 25 Power 7 | 1 2 2 2 Engine 7 | 1 2 2 2 Core . | . . . . Reactor . | . . . . Propulsion 39 | 2 12 10 15 Treads 18 | . 6 4 8 Leg 2 | 2 . . . Wheel 17 | . 6 6 5 Hover 2 | . . . 2 Flight . | . . . . Utility 10 | 1 4 3 2 Device 4 | . 1 2 1 Storage 4 | 1 3 . . Processor 2 | . . 1 1 Hackware . | . . . . Protection . | . . . . Artifact . | . . . . Weapon 13 | 2 2 3 6 Energy Gun 5 | 2 1 2 . Energy Cannon 1 | . . 1 . Ballistic Gun 3 | . 1 . 2 Ballistic Cannon . | . . . . Launcher 4 | . . . 4 Special Weapon . | . . . . Impact Weapon . | . . . . Slashing Weapon . | . . . . Piercing Weapon . | . . . . Special Melee Weapon . | . . . . Unidentified Prototypes 2 | . . 2 . Parts Lost 18 | . 2 1 15 Power 2 | . . . 2 Propulsion 6 | . . 1 5 Utility 4 | . . . 4 Weapon 6 | . 2 . 4 Highest Loss Streak 7 | . 1 1 7 To Critical Strikes . | . . . . Average Slot Usage (%) 94 | . 97 97 90 Engine 11 | . 13 11 9 Treads 14 | . 19 8 13 Wheel 7 | . 7 13 5 Device 19 | . 9 29 26 Storage 13 | . 17 11 11 Processor 1 | . . 2 3 Energy Gun 16 | . 26 11 9 Energy Cannon 1 | . . 7 1 Ballistic Gun 3 | . 1 3 4 Launcher 2 | . . . 5 Peak Build Rating 18 | 6 8 18 18 Average Rating 11 | 4 7 14 14 On Entrance 7 | . 6 7 18 Naked Turns . | . . . . Heaviest Build 57 | 12 49 57 57 Greatest Support 40 | 20 40 40 40 Greatest Overweight (x) 14 | . 1 2 14 Average Overweight (x) 1 | . . 1 1 Largest Inventory Capacity 20 | 8 20 20 20 Average Capacity 18 | 6 17 20 20 Most Carried 20 | 6 17 20 20 Average Carried 14 | 4 13 17 15 Final Capacity 20 | 8 20 20 20 Final Carried 19 | 6 16 19 7 Class Distribution -------------------- 68% | Mutant 31% | Scavenger-Mutant Dominant Class ---------------- Mutant | -10/Materials Mutant | -9/Materials Scavenger-Mutant | -9/Storage Resources | -11 -10 -9 -9 ----------- Run | Yrd Mat Mat Sto Matter Collected 871 | 218 253 92 308 Remotely . | . . . . Salvage Created 1189 | . 533 166 490 Parts 90 | . 40 19 31 Haulers Intercepted . | . . . . Recyclers Shooed 1 | . 1 . . Parts Field Recycled . | . . . . Retrieved Matter . | . . . . Parts Self-Destructed . | . . . . Prevented . | . . . . Kills | -11 -10 -9 -9 ------- Run | Yrd Mat Mat Sto Combat Hostiles Destroyed 32 | . 12 6 14 Guns 26 | . 12 4 10 Cannons 2 | . . 2 . AOE 4 | . . . 4 Classes Destroyed 7 | . 6 1 . Worker 4 | . 2 . 2 Builder 1 | . 1 . . Mechanic 1 | . 1 . . Watcher 4 | . 2 . 2 Swarmer 11 | . 3 4 4 Grunt 14 | . 9 . 5 Sentry 7 | . . 2 5 Best Kill Streak 7 | . 7 4 6 Combat Bots Only 5 | . 3 4 5 Max Kills in Single Turn 2 | . 2 1 2 Gunslinging 1 | . . . 1 Exploded 1 | . . . 1 Melee . | . . . . Uniques/NPCs Destroyed . | . . . . Combat | -11 -10 -9 -9 -------- Run | Yrd Mat Mat Sto Hostile Shots Fired 247 | . 101 32 114 Missed 77 | . 37 6 34 Damage Taken 2469 | . 776 276 1417 Core 560 | . 151 48 361 Absorbed by Shields . | . . . . Regen/Repaired (Parts) 150 | . . . 150 Core Remaining (%) 69 | 100 39 . . Volleys Fired 104 | 1 49 13 41 Largest 2 | 2 2 2 2 Hottest 124 | 80 80 124 124 Shots Fired 200 | 2 97 26 75 Gun 172 | 2 97 16 57 Cannon 11 | . . 10 1 Launcher 17 | . . . 17 Special . | . . . . Kinetic 33 | . 10 3 20 Thermal 140 | 2 77 23 38 Explosive 17 | . . . 17 Electromagnetic 10 | . 10 . . Robot Hit Streak 20 | . 9 5 20 Robot Miss Streak 4 | . 4 2 2 Penetration Max . | . . . . Secondary Targets 3 | . 2 . 1 Max Gunslinging Chain 1 | . 1 . 1 Shots Hit Robots 127 | . 58 14 55 Core Hits 65 | . 30 8 27 Critical Kills . | . . . . Critical Parts Destroyed 1 | . . . 1 Critical Strikes 1 | . . . 1 Destroy 1 | . . . 1 Melee Attacks . | . . . . Impact . | . . . . Slashing . | . . . . Piercing . | . . . . Sneak Attacks . | . . . . Combat Hostiles . | . . . . Follow-up Attacks . | . . . . Damage Inflicted 2260 | . 861 204 1195 Guns 1518 | . 734 142 642 Cannons 82 | . . 62 20 Explosions 653 | . 120 . 533 Melee . | . . . . Ramming 7 | . 7 . . Kinetic 241 | . 91 15 135 Thermal 1404 | . 688 189 527 Explosive 533 | . . . 533 Electromagnetic 75 | . 75 . . Impact . | . . . . Slashing . | . . . . Piercing . | . . . . Highest Corruption 9 | . . . 9 Average Corruption 5 | . . . 5 Corruption Purged . | . . . . Corruption Blocked . | . . . . Effects 7 | . . . 7 Message Errors 3 | . . . 3 Matter Fused 1 | . . . 1 Heat Flow Errors 1 | . . . 1 Energy Discharges 1 | . . . 1 Data Loss (minor) 1 | . . . 1 Overload Shots . | . . . . Overflow Damage 11 | . . . 11 Projectiles . | . . . . Explosions 11 | . . . 11 Melee . | . . . . Knockbacks . | . . . . Impact . | . . . . Kinetic . | . . . . Secondary . | . . . . Self-Inflicted Damage 37 | . 7 . 30 Shots 3 | . 1 . 2 Rammed 2 | . 2 . . Targets Rammed 2 | . 2 . . Kicked . | . . . . Crushed . | . . . . Highest Temperature 221 | 18 221 63 154 Average Temperature 49 | 12 64 24 22 Received Heat Transfer 855 | . 360 54 441 Siege Activations . | . . . . Robots Corrupted . | . . . . Combat Hostiles . | . . . . Parts Fried . | . . . . Impact Corruptions . | . . . . Robots Melted . | . . . . Combat Hostiles . | . . . . Parts Melted 6 | . 1 . 5 Heat Transferred 2969 | . 1425 397 1147 Parts Sabotaged . | . . . . Parts Stolen . | . . . . Parts Stripped . | . . . . Power Chain Reactions 2 | . 2 . . Alert | -11 -10 -9 -9 ------- Run | Yrd Mat Mat Sto Peak Influence 472 | . 215 295 472 Initial 124 | . . 78 124 Average 185 | . 103 172 302 Maximum Alert Level 2 | . 1 1 2 Low Security (%) 62 | 100 97 57 24 Level 1 29 | . 2 42 56 Level 2 7 | . . . 18 Level 3 . | . . . . Level 4 . | . . . . Level 5 . | . . . . High Security . | . . . . Max Security . | . . . . Squads Dispatched 3 | . 2 . 1 Investigation 1 | . . . 1 Extermination . | . . . . Reinforcement 2 | . 2 . . Assault . | . . . . Garrison . | . . . . Intercept . | . . . . Searches Triggered . | . . . . Construction Impeded . | . . . . Haulers Reinforced . | . . . . Active Scanning Responses . | . . . . Cargo Convoy Interrupts . | . . . . Stealth | -11 -10 -9 -9 --------- Run | Yrd Mat Mat Sto Distress Signals 1 | . 1 . . Communications Jammed . | . . . . Distress Signals . | . . . . Times Spotted 51 | . 21 9 21 Peak Tracking Total 5 | . 4 5 5 Tactical Retreats 6 | . 2 1 3 Traps | -11 -10 -9 -9 ------- Run | Yrd Mat Mat Sto Traps Triggered 5 | . 3 . 2 Indirectly . | . . . . Trap Hack Attempts . | . . . . Triggered . | . . . . Disarmed . | . . . . Reprogrammed . | . . . . Reused . | . . . . Traps Extracted . | . . . . Installed . | . . . . Triggered . | . . . . Machines | -11 -10 -9 -9 ---------- Run | Yrd Mat Mat Sto Machines Disabled 3 | . 1 . 2 Max in Single Turn 2 | . 1 . 2 Machines Repaired . | . . . . Machines Dismantled . | . . . . Machines Sabotaged . | . . . . Overloaded Fab Kills . | . . . . Hacking | -11 -10 -9 -9 --------- Run | Yrd Mat Mat Sto Machines Accessed 2 | . . . 2 Terminals 1 | . . . 1 Fabricators . | . . . . Repair Stations 1 | . . . 1 Recycling Units . | . . . . Scanalyzers . | . . . . Garrison Access . | . . . . Total Hacks 7 | . . . 7 Successful 5 | . . . 5 Failed 2 | . . . 2 Catastrophic . | . . . . Database Lockouts . | . . . . Manual . | . . . . Terminals 2 | . . . 2 Fabricators . | . . . . Repair Stations 5 | . . . 5 Recycling Units . | . . . . Scanalyzers . | . . . . Garrison Access . | . . . . Terminal Hacks 1 | . . . 1 Zone Layout 1 | . . . 1 Fabricator Hacks . | . . . . Repair Station Hacks 4 | . . . 4 Scan Component 2 | . . . 2 Repair 2 | . . . 2 Recycling Unit Hacks . | . . . . Scanalyzer . | . . . . Garrison Access Hacks . | . . . . Unauthorized Hacks . | . . . . Terminals . | . . . . Fabricators . | . . . . Repair Stations . | . . . . Recycling Units . | . . . . Scanalyzers . | . . . . Garrison Access . | . . . . Data Cores Recovered . | . . . . Used . | . . . . Hacking Detections 1 | . . . 1 Full Trace Events 1 | . . . 1 Feedback Events . | . . . . Feedback Blocked . | . . . . Robot Schematics Acquired . | . . . . Robots Built . | . . . . Authchips . | . . . . Time . | . . . . Total Robot Build Rating . | . . . . Part Schematics Acquired . | . . . . Parts Built . | . . . . Authchips . | . . . . Time . | . . . . Total Part Build Rating . | . . . . Parts Repaired 2 | . . . 2 Time 52 | . . . 52 Parts Recycled . | . . . . Recycled Matter . | . . . . Retrieved Matter . | . . . . Retrieved Components . | . . . . Parts Scanalyzed . | . . . . Part Schematics Acquired . | . . . . Parts Damaged . | . . . . Bothacking | -11 -10 -9 -9 ------------ Run | Yrd Mat Mat Sto Used RIF Installer . | . . . . Robots Hacked . | . . . . Non-combat . | . . . . Combat . | . . . . Robot Hacks Applied . | . . . . Relay Couplers Released . | . . . . Fabnet Peak Effective % . | . . . . Robots Rewired . | . . . . Allies Hacked . | . . . . Hacks Repelled . | . . . . Allies | -11 -10 -9 -9 -------- Run | Yrd Mat Mat Sto Total Allies . | . . . . Largest Group . | . . . . Highest-Rated Group . | . . . . Highest-Rated Ally . | . . . . Total Orders . | . . . . Ally Attacks . | . . . . Total Damage . | . . . . Kills . | . . . . Allies Corrupted . | . . . . Allies Melted . | . . . . Intel | -11 -10 -9 -9 ------- Run | Yrd Mat Mat Sto Robot Analysis Total . | . . . . Derelict Logs Recovered . | . . . . Drone Launches . | . . . . Drone Recoveries . | . . . . Exploration | -11 -10 -9 -9 ------------- Run | Yrd Mat Mat Sto Turns Passed 1938 | 112 786 274 766 Spaces Moved 800 | 62 315 142 281 Core 6 | 4 . . 2 Treads 359 | . 177 25 157 Legs 92 | 58 34 . . Wheels 340 | . 104 117 119 Hover 3 | . . . 3 Flight . | . . . . Fastest Speed 50 | 50 90 105 105 Average Speed 174 | 115 182 135 198 Slowest Speed 750 | 120 240 240 750 Overloaded Moves . | . . . . Propulsion Burnouts . | . . . . Robots Hopped . | . . . . Cave-ins Triggered 1 | . . . 1 Exploration Rate (%) 31 | 4 50 17 54 Regions Visited 3 Branch Regions 1 Pre-discovered Areas . | . . . . Known Exits Taken . | . . . . Unknown Exits Taken 3 | 1 1 1 . Scrap Searched . | . . . . Spaces Dug . | . . . . Terrain Destroyed 146 | . 7 . 139 Melee . | . . . . Projectile . | . . . . AOE 146 | . 7 . 139 Terrain Rammed . | . . . . Walls Destroyed . | . . . . Machines Disabled . | . . . . Actions | -11 -10 -9 -9 --------- Run | Yrd Mat Mat Sto Total 1127 | 98 421 190 418 Wait 101 | 22 18 8 53 Move 797 | 61 314 141 281 Hop . | . . . . Pick Up 36 | 8 13 8 7 Fast Attach 11 | 4 3 1 3 Attach 15 | 2 2 3 8 Detach . | . . . . Swap 43 | . 15 14 14 Drop 18 | . 5 2 11 Fire 104 | 1 49 13 41 Melee . | . . . . Ram . | . . . . Kick . | . . . . Crush 2 | . 2 . . Escape Stasis . | . . . . Rewire . | . . . . Trap . | . . . . Miscellaneous . | . . . . Route ------- -11/Scrapyard -10/Materials (discovered 2 exits: *Mat / [*Min]) -9/Materials -9/Storage History --------- Turn | Location | Event 3 | -11/Scrapyard | Discovered new exit (range 16) 113 | -11/Scrapyard | Entered Materials 113 | -10/Materials | Discovered new exit (range 7) 308 | -10/Materials | Build established: Mutant 749 | -10/Materials | Core integrity fell below 50% 863 | -10/Materials | Discovered new exit (range 13) 899 | -10/Materials | Entered another Materials area 899 | -9/Materials | Evolved 2 slots: Utility x2 1143 | -9/Materials | Discovered new exit (range 8) 1173 | -9/Materials | Entered Storage 1431 | -9/Storage | Repaired Lgt. Treads 1490 | -9/Storage | Build established: Scavenger-Mutant 1563 | -9/Storage | Repaired Com. Wheel 1733 | -9/Storage | Lost 4 parts (1p1n2u) 1835 | -9/Storage | Crushed by falling debris 1835 | -9/Storage | Core integrity fell below 50% 1866 | -9/Storage | Lost 4 parts (1p1n2w) 1928 | -9/Storage | Core integrity fell below 20% 1939 | -9/Storage | Destroyed by Y-45 Defender with Beam Rifle Last Messages --------------- 01876_ System corrupted: Component data lost. 01876_ U-05 Engineer lays Concrete. 01896_ Signal Interpreter destroyed. 01897_ U-05 Engineer lays Concrete. 01900_ U-05 Engineer builds a Wall. 01904_ AAVM68J BXBSN WP2J# 01909_ U-05 Engineer builds a Wall. 01918_ K-01 Serf destroyed. 01918_ Rocket Launcher destroyed. 01918_ Wheel destroyed. 01919_ Com. Wheel destroyed. 01922_ Lgt. Treads destroyed. 01923_ Critical hit (Burn: +37). 01924_ Structural Scanner destroyed. 01925_ Critical hit (Burn: +37). 01926_ G-47 Trooper destroyed. 01930_ Assault Rifle destroyed. 01932_ System corrupted: Heat flow error (+192). 01937_ The unstable cave ceiling collapses. Map ----- +----------------------------------------------------+ | ???## # # " "??? ##??#### # | | ????????????" # !# ??????? + % | | ???????????"? # # ??????? ##????##### ### | | ????????????? # # ??????????????##### ## | | ????????????? + ^ # ??? ##??????? # #### ### | | ????????????? # ##???+##+###??????? # #### + | | ????????????? # ^ ??? ###???? # #### ### | | ????????????? # ?????? ###????#### #### ### | | ????########### #### ### | | ?###############+#########+########### #### ### | | ?##### # ##?## ####+### | | ?## # """ ##?## # | | ?## # # "" ##?## # """"" | | ### # " ##?## # "???" | | ## # # ##### # ""??" | | ## # # # ## ##################### + "??"" | | ### # #### # ########## # "???" | | ### ### ####### """ k # """"" | | ?############## """ ^^ # | | ?###### ???## """ ^^ # | | ?????????????## ####/################ | | ?????????????## """ #YY ### ############# | | ?????????????## """## ## ##????#?????# | | ?????????????## """# ### ##??????????? | | ????????????### [ ### ##??????????? | | ????????????## @ # ##??????????? | | ????????????### # ##?? ???????? | | ???????????? ####+## % # + ?????????? | | ????????????? # ## ?????????? | | ????????????????? # ## ?????????? | | ???????????????? ## ##??#???????? | | ???????????????###+###### ### ##??????????? | | ?????????????????# ######## ????????????? | | ????????????????????????###### ?????????????? | | ????????????????????????????????????????????????? | | ????????????????????????????????????????????????? | | ????????????????????????????????????????????????? | | ????????????????????????????????????????????????? | | ????????????????????????????????????????????????? | | ????????????????????????????????????????????????? | | ????????????????????????????????????????????????? | | ????????????????????????????????????????????????? | | ????????????????????????????????????????????????? | | ????????????????????????????????????????????????? | | ????????????????????????????????????????????????? | | ????????????????????????????????????????????????? | | ????????????????????????????????????????????????? | | ????????????????????????????????????????????????? | | ????????????????????????????????????????????????? | | | +----------------------------------------------------+ Best States ------------- Heat Dissipation 42 Energy Generation 12 Energy Capacity 265 Matter Stores 300 Matter Capacity 300 Sight Range 18 Terrain Scan Range 14 Terrain Scan Density 10 Evasion (%) 55 Recoil Reduction 2 Item Schematics ----------------- None Robot Schematics ------------------ None Fabricated ------------ Nothing Alien Tech Used ----------------- None Achievements -------------- None Challenges ------------ None Game ------ Seed CargoBeamSplitter Manual? 0 Play Time 00:30:58 Cumulative 6.2 hours Start 2025.04.29 @ 20:42:37 End 2025.04.29 @ 22:28:52 Sessions 3 Manual Loads 0 Difficulty Rogue Special Mode None Game No. 7 Rogue 7 Adventurer 0 Explorer 0 Win Type - Total 0 Types 0/0/0/0/0/0/0/0/0 Lore% 3 Gallery% 11 Achievement% 10 Wizard Run 0 Options --------- Layout 1 ASCII 0 Keyboard 0 Movement Mouse Keybinds 0 Fullscreen 2 Font 32/Terminus Map View 50x35 Zoom Use 40% Tactical HUD 1 Map Filters NONE Filters NONE Steam 1 RUN: 0d6ce931-5a84-4f0a-a63e-a99604cb354f